 Dungeon Crawl Stone Soup version 0.17.2-1-ge4368a0 (webtiles) character file.

81 magog001 the Shooter (level 4, -3/29 HPs)
             Began as a High Elf Hunter on Oct 15, 2016.
             Was an Initiate of Gozag.
             Killed from afar by hurricos's ghost (6 damage)
             ... with a magic dart
             ... on level 3 of the Dungeon.
             The game lasted 00:15:06 (2292 turns).

magog001 the Shooter (High Elf Hunter)              Turns: 2292, Time: 00:15:06

Health: -3/29      AC:  5    Str: 12    XL:     4   Next: 19%
Magic:  4/4        EV: 12    Int: 18    God:    Gozag
Gold:   153        SH:  0    Dex: 15    Spells: 0 memorised, 3 levels left

rFire  . . .     SeeInvis .     a - +4 shortbow
rCold  . . .     Clarity  .     c - +1 leather armour
rNeg   . . .     SustAt   .     (shield currently unavailable)
rPois  .         Gourm    .     (no helmet)
rElec  .         Spirit   .     (no cloak)
rCorr  .         Warding  .     (no gloves)
rMut   .         Stasis   .     (no boots)
MR     .....                    (no amulet)
Stlth  ++........               (no ring)
                                t - +3 ring of intelligence

@: not resistant to hostile enchantments, unstealthy
A: low mp 1, shaggy fur 1, MP-powered wands
a: Potion Petition, Call Merchant, Bribe Branch, Renounce Religion


You were on level 3 of the Dungeon.
You worshipped Gozag.
Gozag was noncommittal.
You were not hungry.

You visited 1 branch of the dungeon, and saw 3 of its levels.

You collected 180 gold pieces.
You paid 27 gold pieces to Gozag.

Inventory:

Hand Weapons
 a - a +4 shortbow (weapon)
 b - a +0 short sword
 j - a +0 spear
Missiles
 d - 55 arrows (quivered)
 n - 15 poisoned needles
 r - 26 bolts
 s - 14 bolts of frost
Armour
 c - a +1 leather armour (worn)
 f - a +0 shield
 k - a +0 robe
Jewellery
 m - a cursed +3 ring of slaying {unknown}
 t - a +3 ring of intelligence (left hand)
Scrolls
 g - a scroll of immolation {unknown}
 i - 2 scrolls of remove curse
 l - 2 scrolls of identify
 p - a scroll of amnesia {unknown}
Potions
 h - a potion of heal wounds
 o - a potion of brilliance
Comestibles
 e - 2 bread rations
 u - 3 fruits
 v - a meat ration


   Skills:
 + Level 2.0 Fighting
 + Level 7.1 Bows
 + Level 1.1 Armour
 + Level 2.4 Dodging
 + Level 1.1 Stealth


You had 3 spell levels left.
You didn't know any spells.

Dungeon Overview and Level Annotations

Branches:
Dungeon (3/15)

Altars:
Gozag

Annotations:
D:3 Grinder; hurricos's ghost, amateur TeWz


Innate Abilities, Weirdness & Mutations

Your magical capacity is low (-10% MP).
You are covered in fur (AC +1).
You expend magic power (3 MP) to strengthen your wands.


Message History

Hurricos's ghost points at you and mumbles some strange words.
The magic dart hits you!
There are no items here.
Items here: $ ( ) [ 5 gold pieces; an arrow; a club; a robe
d - 55 arrows (gained 1)
You now have 153 gold pieces (gained 5).
Hurricos's ghost casts a spell at you. The magic dart hits you!
Hurricos's ghost hits you.
Hurricos's ghost gestures at you while chanting.
The magic dart hits you!
* * * LOW HITPOINT WARNING * * *
Hurricos's ghost points at you and mumbles some strange words.
The magic dart hits you!
* * * LOW HITPOINT WARNING * * *
Hurricos's ghost points at you and mumbles some strange words.
The magic dart hits you!
You die...
Your body crumbles into a pile of gold.

#.# ....>...............
#.##.###.##......#####..
#.##.# #.##.#.#.....####
#.##.###................
###........##<#.#..##.###.
#......#####..#.#..# .#
##..#...#...#....#..# ..
#..#_#..#.#.#.......# ###
#...#.W...@........##
#.......##..########
#.##..#.##..#
###.###.#.....#
#..).....###... #.####...#
#...# #. #(..# #...# #
##.#.....## !.....#


You could see hurricos's ghost.

Vanquished Creatures
  Jessica (D:3)
  An adder (D:2)
  An orc (D:3)
  9 bats
  A giant cockroach (D:2)
  5 goblins (D:1)
  10 hobgoblins
  5 kobolds
  3 giant geckos (D:2)
  A giant newt (D:3)
  5 rats
  A fungus (D:1)
43 creatures vanquished.

Notes
Turn   | Place    | Note
--------------------------------------------------------------
     0 | D:1      | magog001 the High Elf Hunter began the quest for the Orb.
     0 | D:1      | Reached XP level 1. HP: 14/14 MP: 2/2
   473 | D:1      | Reached XP level 2. HP: 19/19 MP: 3/3
   476 | D:1      | Reached skill level 6 in Bows
  1134 | D:2      | Reached XP level 3. HP: 24/24 MP: 4/4
  1158 | D:2      | Found an opulent altar of Gozag.
  1385 | D:2      | Became a worshipper of Gozag Ym Sagoz the Greedy
  1437 | D:2      | Reached skill level 1 in Armour
  1911 | D:3      | Noticed Grinder
  1914 | D:3      | Paralysed by Grinder for 7 turns
  1940 | D:3      | Paralysed by Grinder for 4 turns
  2119 | D:2      | Gained mutation: You expend magic power (3 MP) to strengthen your wands. [potion of mutation]
  2119 | D:2      | Gained mutation: Your magical capacity is low (-10% MP). [potion of mutation]
  2119 | D:2      | Gained mutation: You are covered in fur (AC +1). [potion of mutation]
  2256 | D:3      | Found a faded altar to an unknown god.
  2266 | D:3      | Noticed Jessica
  2268 | D:3      | Noticed hurricos's ghost (amateur TeWz)
  2269 | D:3      | Killed Jessica
  2269 | D:3      | Reached skill level 7 in Bows
  2269 | D:3      | Reached XP level 4. HP: 29/29 MP: 4/4
  2292 | D:3      | Killed from afar by hurricos's ghost

Action                   |  1- 3 |  4- 6 || total
-------------------------+-------+-------++-------
Melee: Short sword       |    17 |       ||    17
 Fire: Shortbow          |   100 |     5 ||   105
  Use: Scroll            |    10 |       ||    10
       Potion            |     1 |       ||     1
  Eat: Meat ration       |     1 |       ||     1
